Match 47109010
Unlisted

Match 47109010
End
Construct Infanterie Kompanie
Grenadier Squad
MG 42 Machine Gun Team
Grenadier Squad
Medical Station
Pioneer Squad
Construct Panzergrenadier Kompanie
251 Medium Carrier
Panzergrenadier Squad
Support Elements
Selects Mechanized Battlegroup
Selects Raid Package
Pak 40 Anti-tank Gun Team
Selects StuG Assault Group
Nebelwerfer 42 Rocket Launcher Team
Construct Panzer Kompanie
StuG Assault Group
Selects Mobile Repair Stations
Selects Wespe Self-propelled Artillery
Selects UNKNOWN (2160084)
Wespe Self-propelled Artillery
Panther Heavy Tank
DragonLTU
Водитель по Губам
111111
Bu
Negi
一花排卵变出杂鱼酱
0
0

Comments sign in to comment!

No comments posted yet!